 Dungeon Crawl Stone Soup version 0.19-GnollCrawlA-1-g03664ee (webtiles) character file.

30 asalami the Charlatan (level 1, -1/9 HPs)
             Began as a Spriggan Artificer on Feb 13, 2017.
             Was a Follower of Nemelex Xobeh.
             Slain by a gnoll
             ... wielding a +0 spear
              (10 damage)
             ... on level 9 of the Dungeon.
             The game lasted 00:10:37 (1668 turns).

asalami the Charlatan (Spriggan Artificer)          Turns: 1668, Time: 00:10:37

Health: -1/9       AC:  2    Str:  8    XL:     1   Next: 0%
Magic:  4/4        EV: 18    Int: 12    God:    Nemelex Xobeh [*.....]
Gold:   23         SH:  0    Dex: 16    Spells: 0 memorised, 0 levels left

rFire  . . .     SeeInvis +     a - +0 short sword
rCold  . . .     Gourm    .     b - +0 robe
rNeg   . . .     Faith    .     (shield restricted)
rPois  .         Spirit   .     (helmet restricted)
rElec  .         Dismiss  .     (no cloak)
rCorr  .         Reflect  .     (gloves unavailable)
SustAt .         Harm     .     (boots unavailable)
MR     .....                    (no amulet)
Stlth  ++........               (no ring)
                                (no ring)

@: very quick
A: unfitting armour, see invisible, herbivore 3, speed 3, slow metabolism 2
a: Renounce Religion


You were on level 9 of the Dungeon.
You worshipped Nemelex Xobeh.
Nemelex Xobeh was aware of your devotion.
You were not hungry.

You visited 1 branch of the dungeon, and saw 9 of its levels.

You collected 77 gold pieces.
You spent 54 gold pieces at shops.

Inventory:

Hand Weapons
 a - a +0 short sword (weapon)
 o - a +0 spear
Armour
 b - a +0 robe (worn)
Jewellery
 q - an uncursed ring of teleportation
Wands
 c - a wand of flame (4/48)
 d - a wand of enslavement (10/24)
 e - a wand of random effects (14/48)
 p - a wand of slowing (27/48)
 s - a wand of random effects (14/48)
 v - a wand of enslavement (9/24)
Scrolls
 j - a scroll of amnesia
 l - a scroll of blinking
 t - a scroll of magic mapping {unknown}
 u - a scroll of teleportation {unknown}
 z - a scroll of identify
Potions
 h - 2 potions of curing {unknown}
 m - a potion of lignification {unknown}
 n - a potion of might
 w - a potion of magic {unknown}
 x - a potion of brilliance {unknown}
Books
 g - a book of Beasts

   Spells                             Type                      Level
   a - Summon Butterflies             Summoning                    1
   b - Call Canine Familiar           Summoning                    3
   c - Summon Ice Beast               Ice/Summoning                4
   d - Summon Mana Viper              Hexes/Summoning              5
   e - Summon Hydra                   Summoning                    7
 k - a book of Battle

   Spells                             Type                      Level
   a - Infusion                       Charms                       1
   b - Shroud of Golubria             Charms/Translocation         2
   c - Song of Slaying                Charms                       2
   d - Spectral Weapon                Hexes/Charms                 3
   e - Regeneration                   Charms/Necromancy            3
Miscellaneous
 i - a plain deck of summoning
 y - a plain deck of destruction
Comestibles
 f - 4 bread rations
 r - a slice of pizza


   Skills:
 + Level 0.7 Fighting
 + Level 1.1 Short Blades
 + Level 3.0 Dodging
 + Level 1.5 Stealth
 + Level 4.0 Evocations


You couldn't memorise any spells.
You didn't know any spells.

Dungeon Overview and Level Annotations

Branches:
Dungeon (9/15)                Orc (0/2) D:9
 Temple: D:1-2         Lair: D:8-11

Altars:
Dithmenos
Gozag
Nemelex Xobeh
Qazlal
Sif Muna
Trog
Xom

Shops:
D:9 *


Innate Abilities, Weirdness & Mutations

You are tiny and cannot use many weapons and most armour.
You have supernaturally acute eyesight. (SInv)
You are a herbivore.
You cover ground extremely quickly.
You need consume almost no food.


Message History

There is an open door here.
There is an escape hatch in the ceiling here.
You open the door.
There is an open door here.
As you open the door, it creaks loudly!
There is an open door here.
You open the door.
A gnoll comes into view. It is wielding a spear.
Found 40 gold pieces, a puce potion, 21 arrows and 30 stones.
The gnoll shouts!
Found 18 gold pieces.
There is an open door here.
A gnoll comes into view.
Found 11 gold pieces.
The gnoll shouts!
You see here 18 gold pieces.
The gnoll hits you from afar with a spear!
Ouch! That really hurt!
You die...
Your body disappears without a glow.

.......+.###......#
#.......# .......###
##.##### ####'####
######## #. #..# #.
#.## # ##.# #..# #<##
######+### ###'#####
#....$.@.# ###.......#
#...g..($####.'.......#
#$...g(..##...#.......#
#..!...$.'..###.......#
#........#### #.......#
#........# #.......#
#..$.....# #.......#
########## #########


You could see 2 gnolls.

Vanquished Creatures
  3 gnolls (D:4)
3 creatures vanquished.

Notes
Turn   | Place    | Note
-------+----------+-------------------------------------------
     0 | D:1      | asalami the Spriggan Artificer began the quest for the Orb.
     0 | D:1      | Reached XP level 1. HP: 9/9 MP: 4/4
   154 | D:3      | Found a sparkling altar of Nemelex Xobeh.
   157 | D:3      | Became a worshipper of Nemelex Xobeh the Trickster
   212 | D:4      | Received a gift from Nemelex Xobeh
   247 | D:4      | Found a deep blue altar of Sif Muna.
   251 | D:4      | Found a stormy altar of Qazlal.
   579 | D:5      | Entered Level 5 of the Dungeon
   696 | D:6      | Reached * piety under Nemelex Xobeh
   736 | D:6      | Found a shadowy altar of Dithmenos.
   927 | D:7      | Found a bloodstained altar of Trog.
   933 | D:7      | Found a shimmering altar of Xom.
  1431 | D:9      | Found an opulent altar of Gozag.
  1447 | D:9      | Found Serexeu's Assorted Antiques.
  1461 | D:9      | Bought a black potion for 27 gold pieces
  1461 | D:9      | Bought a murky golden potion for 27 gold pieces
  1508 | D:9      | Found a staircase to the Orcish Mines.
  1602 | D:9      | Received a gift from Nemelex Xobeh
  1668 | D:9      | Slain by a gnoll

Action                   || total
-------------------------++-------
Melee: Short sword       ||     2
       Spear             ||     1
Evoke: Wand              ||    18
  Use: Scroll            ||     4
       Potion            ||     2
 Stab: Sleeping          ||     2
Dodge: Dodged            ||     3
